 Seeded DCSS version 0.29.1-15-g9cfb28693d (webtiles) character file.

Game seed: 5297477676520237703 (custom seed)

12 GigaChad the Chopper (level 2, 25/25 HPs)
             Began as a Minotaur Gladiator on Mar 20, 2023.
             Quit the game on level 1 of the Dungeon.
             The game lasted 00:00:53 (1051 turns).

GigaChad the Chopper (Minotaur Gladiator)           Turns: 1051, Time: 00:00:54

Health: 25/25      AC: 10    Str: 18    XL:     2   Next: 20%
Magic:  1/1        EV:  5    Int:  5    God:
Gold:   29         SH:  0    Dex: 11    Spells: 1/1 levels left

rFire   . . .      SeeInvis .   f - +0 bardiche
rCold   . . .      Faith    .   (shield currently unavailable)
rNeg    . . .      Spirit   .   j - +0 plate armour
rPois   .          Reflect  .   c - +0 hat
rElec   .          Harm     .   (no cloak)
rCorr   .          Rampage  .   (no gloves)
Will    .....                   (no boots)
Stlth   ..........              (no amulet)
HPRegen 0.08/turn               (no ring)
MPRegen 0.07/turn               (no ring)

@: no status effects
A: horns 2, retaliatory headbutt
a: no special abilities


You were on level 1 of the Dungeon.
You visited 1 branch of the dungeon, and saw 1 of its levels.

You collected 29 gold pieces.

Inventory:

Hand Weapons
 a - a +0 war axe
 f - a +0 bardiche (weapon)
Missiles
 d - 3 throwing nets (quivered)
 e - a javelin
Armour
 b - a +0 leather armour
 c - a +0 hat (worn)
 j - a +0 plate armour (worn)
Jewellery
 h - an amulet of magic regeneration
Scrolls
 g - a scroll of identify


   Skills:
 + Level 2.5 Fighting
 + Level 4.1 Axes
 + Level 2.0 Throwing
 + Level 3.6 Dodging


You had one spell level left.
You didn't know any spells.
Your spell library was empty.

Dungeon Overview and Level Annotations

Branches:
Dungeon (1/15)

Altars:


Innate Abilities, Weirdness & Mutations

You have a pair of horns on your head.
You reflexively headbutt those who attack you in melee.


Message History

You barely miss the giant cockroach.
The giant cockroach bites you but does no damage. x2
You closely miss the giant cockroach.
Your headbutt misses the giant cockroach.
The giant cockroach bites you.
The giant cockroach bites you but does no damage.
You barely miss the giant cockroach. The giant cockroach barely misses you.
The giant cockroach bites you but does no damage.
You closely miss the giant cockroach.
The giant cockroach bites you but does no damage.
The giant cockroach barely misses you. x2
You slash the giant cockroach!
You kill the giant cockroach!
No target in view!
No target in view!
You see here a giant cockroach corpse.
Found a stone staircase leading down.
No target in view!
There is a stone staircase leading down here.
There is an open door here.
There is a stone staircase leading down here.
You see here a +0 dagger.
Key pressed, stopping explore.
No target in view!
h - an amulet of magic regeneration No target in view!
As you open the door, it creaks loudly!
No target in view!
There is an open door here.
There is an open door here.
Done exploring.
No target in view!
Done exploring.
No target in view!
Done exploring.
No target in view!
Done exploring.
No target in view!
Done exploring.
Are you sure you want to abandon this character and quit the game? (Confirm with "yes".)

#### ##...##.# #.###.# #
##'###.# #.....# # #.#
#.# ####..# # #.# #.#
#..# #
##########.###.######..#
#
#...........##.........#
#
#..#####.....########.##
###..#####....#########.#
.[......##...###@.......#
###..##.##..####.########
#..##..........#
#.........######
##.......## #########


There were no monsters in sight!

Vanquished Creatures
  An endoplasm (D:1)
  2 giant cockroaches (D:1)
  A goblin (D:1)
  2 hobgoblins (D:1)
  A quokka (D:1)
  2 kobolds (D:1)
  A rat (D:1)
10 creatures vanquished.

Notes
Turn   | Place    | Note
-------+----------+-------------------------------------------
     0 | D:1      | GigaChad the Minotaur Gladiator began the quest for the
                  | Orb.
     0 | D:1      | Reached XP level 1. HP: 18/18 MP: 0/0
   568 | D:1      | Reached skill level 4 in Axes
   568 | D:1      | Reached XP level 2. HP: 19/25 MP: 1/1
  1051 | D:1      | Quit the game

Illustrated notes

Levels and vault maps discovered:
D:1:      eino_arrival_cavern_d, layout_loops_corners

Skill      XL: |  1 |
---------------+----+-----
Axes           | 4 |  4.1
Fighting       | |  2.5
Throwing       | |  2.0
Dodging        | |  3.6

Action                   || total
-------------------------++-------
Melee: War axe           ||    19
       Headbutt          ||     4
       Bardiche          ||     8
  Use: Scroll            ||     4
Armor: Plate armour      ||    18
       Leather armour    ||     2
Dodge: Dodged            ||     9
